 Dungeon Crawl Stone Soup version 0.24-a0-335-g06ca16a (webtiles) character file.

Game seed: 1638235130657565888

46 mhoghedin the Grave Robber (level 3, -2/24 HPs)
             Began as a Mummy Necromancer on May 18, 2019.
             Slain by a hobgoblin
             ... wielding a cursed +0 club
              (4 damage)
             ... on level 2 of the Dungeon.
             The game lasted 00:04:04 (1387 turns).

mhoghedin the Grave Robber (Mummy Necromancer)      Turns: 1387, Time: 00:04:05

Health: -2/24      AC:  3    Str: 11    XL:     3   Next: 44%
Magic:  0/8        EV: 12    Int: 15    God:
Gold:   63         SH:  0    Dex: 12    Spells: 7/9 levels left

rFire    x . .     SeeInvis .   h - +2 hand axe (chop)
rCold    + . .     Gourm    .   (no shield)
rNeg     + + +     Faith    .   a - +0 robe
rPois    ∞         Spirit   .   c - +0 helmet
rElec    .         Reflect  .   (no cloak)
rCorr    .         Harm     .   (no gloves)
MR       .....                  (no boots)
Stlth    ++........             (no amulet)
HPRegen  0.08/turn              (no ring)
MPRegen  0.11/turn              (no ring)

@: very slightly contaminated
A: no food or potions, fire vulnerability, cold resistance 1, negative energy
resistance 3, torment resistance, unbreathing
a: no special abilities


You were on level 2 of the Dungeon.
You were not hungry.

You visited 1 branch of the dungeon, and saw 2 of its levels.

You collected 63 gold pieces.

Inventory:

Hand Weapons
 d - a +0 club
   (You took it off a goblin on level 1 of the Dungeon)
 h - a +2 hand axe of chopping (weapon)
   (You found it on level 2 of the Dungeon)
Armour
 a - a +0 robe (worn)
 c - a +0 helmet (worn)
   (You found it on level 1 of the Dungeon)
Scrolls
 b - a scroll of immolation {unknown}
 e - a scroll of blinking {!r}
 f - a scroll of teleportation {unknown}
 g - a scroll of identify {unknown}


   Skills:
 - Level 1.5 Dodging
 - Level 1.5 Stealth
 + Level 3.9 Spellcasting
 + Level 4.6 Necromancy


You had 7 spell levels left.
You knew the following spells:

 Your Spells              Type           Power        Failure   Level  Hunger
a - Pain                  Necr           ###.         2%          1    N/A
A - Animate Skeleton      Necr           N/A          2%          1    N/A

Your spell library contained the following spells:

 Spells                   Type           Power        Failure   Level  Hunger
 Vampiric Draining        Necr           ###.......   8%          3    N/A
 Animate Dead             Necr           N/A          26%         4    N/A
 Regeneration             Chrm/Necr      Unusable     N/A         3    N/A

Dungeon Overview and Level Annotations

Branches:
Dungeon (2/15)

Altars:

Annotations:
D:2 Jessica


Innate Abilities, Weirdness & Mutations

You do not eat or drink.
Your flesh is vulnerable to fire.
You are immune to poison.
Your flesh is cold resistant. (rC+)
You are immune to negative energy. (rN+++)
You are immune to unholy pain and torment.
You can survive without breathing.


Message History

You take 2 damage, and have 12/24 hp.
Aim: an adder (severely wounded, chance to defeat MR: 81%)
The adder writhes in agony.
You kill the adder!
You now have 0/8 mp.
You see here an adder corpse.
You don't have enough magic to cast that spell.
You start resting.
A jackal comes into view.
You regained 3 hp, and now have 16/24 hp.
You regained 5 mp, and now have 5/8 mp.
You attempt to give life to the dead...
Before your eyes, flesh is ripped from the corpse!
The dead are slithering!
The jackal barks!
You see here a chunk of flesh {@w0}.
You now have 4/8 mp.
A jackal comes into view.
Aim: a jackal (chance to defeat MR: 87%)
The jackal writhes in agony.
The jackal barks!
Your adder skeleton bites the jackal but does no damage.
You now have 3/8 mp.
Aim: a jackal (moderately wounded, chance to defeat MR: 87%)
The jackal writhes in agony.
The jackal closely misses you.
Your adder skeleton closely misses the jackal.
The jackal misses you. The jackal barely misses you.
Your adder skeleton barely misses the jackal.
Aim: a jackal (severely wounded, chance to defeat MR: 87%)
The jackal writhes in agony.
You kill the jackal!
The jackal barely misses you.
You now have 2/8 mp.
Aim: a jackal (chance to defeat MR: 87%)
The jackal writhes in agony.
The jackal bites you. The jackal barely misses you.
You take 1 damage, and have 16/24 hp.
You now have 1/8 mp.
Aim: a jackal (almost dead, chance to defeat MR: 87%)
The jackal writhes in agony.
You kill the jackal!
The jackal bites you.
You take 1 damage, and have 15/24 hp.
You now have 0/8 mp.
You don't have enough magic to cast that spell.
A worm comes into view.
Your adder skeleton closely misses the jackal.
The jackal bites you.
The jackal bites you but does no damage.
Your adder skeleton barely misses the jackal.
You take 2 damage, and have 13/24 hp.
You see here a chunk of flesh {@w0}.
Your adder skeleton completely misses the jackal.
The jackal bites you but does no damage.
Aim: a jackal (chance to defeat MR: 87%)
The jackal writhes in agony.
The jackal bites you.
Your adder skeleton closely misses the jackal.
The jackal closely misses you.
You take 2 damage, and have 12/24 hp.
You now have 0/8 mp.
You don't have enough magic to cast that spell.
Your adder skeleton closely misses the jackal.
A hobgoblin comes into view. It is wielding a +0 club.
There is a stone staircase leading up here.
The jackal bites you but does no damage. x2
You climb upwards.
The worm bites you.
* * * LOW HITPOINT WARNING * * *
There is a stone staircase leading down here.
You take 6 damage, and have 6/24 hp.
MASSIVE DAMAGE!!
Unknown command.
The jackal closely misses you. The worm bites you.
* * * LOW HITPOINT WARNING * * *
You climb downwards.
Level annotation: Jessica A jackal comes into view.
The hobgoblin shouts!
The jackal barks!
You hear a bark!
There is a stone staircase leading up here.
You take 4 damage, and have 2/24 hp.
Really read
e - 2 scrolls of blinking {!r}?
Blink to where?
You are very lightly contaminated with residual magic.
As you read the scroll of blinking {!r}, it crumbles to dust.
Aim: a jackal (chance to defeat MR: 87%)
The jackal writhes in agony.
You now have 0/8 mp.
The jackal closely misses you. The jackal barely misses you.
You see here a runed hand axe.
h - a runed hand axe Your adder skeleton misses the jackal.
The jackal bites you.
* * * LOW HITPOINT WARNING * * *
You take 1 damage, and have 2/24 hp.
There are monsters nearby!
h - a +2 hand axe of chopping (weapon)
The jackal misses you.
Your adder skeleton misses the jackal.
The jackal misses you.
Your adder skeleton bites the jackal.
The jackal dies!
You completely miss the jackal. You hit the hobgoblin but do no damage.
The jackal bites you but does no damage.
Your adder skeleton closely misses the jackal.
The hobgoblin hits you with a cursed +0 club.
You die...

#....................
#.....%...<..#.#....
#...................
#.)..........#.#....
#..........ww.....
#.................
#...........Z..##
#............hg#
#......####...@#
##...# #...# #...#
#...# #####


You could see 2 worms, a jackal, a hobgoblin and a friendly adder skeleton.

Vanquished Creatures
  An adder (D:2)
  A dart slug (D:1)
  2 giant cockroaches (D:1)
  5 goblins (D:1)
  4 hobgoblins (D:1)
  4 jackals
  A ball python (D:1)
  4 bats (D:1)
  4 frilled lizards (D:1)
  A kobold (D:1)
  7 rats (D:1)
34 creatures vanquished.

Vanquished Creatures (collateral kills)
  A jackal (D:2)
1 creature vanquished.

Grand Total: 35 creatures vanquished

Notes
Turn   | Place    | Note
-------+----------+-------------------------------------------
     0 | D:1      | mhoghedin the Mummy Necromancer began the quest for the
                  | Orb.
     0 | D:1      | Reached XP level 1. HP: 13/13 MP: 4/4
    87 | D:1      | Reached skill level 3 in Spellcasting
   228 | D:1      | Reached XP level 2. HP: 19/19 MP: 0/6
   373 | D:1      | Learned a level 1 spell: Animate Skeleton
   978 | D:1      | Reached XP level 3. HP: 24/24 MP: 5/8
  1170 | D:2      | Noticed Jessica
  1376 | D:1      | HP: 6/24 [worm (6)]
  1377 | D:1      | HP: 2/24 [worm (4)]
  1384 | D:2      | HP: 2/24 [jackal (1)]
  1387 | D:2      | Slain by a hobgoblin

Levels and vault maps discovered:
D:1:      eino_arrival_cavern_b, layout_basic
D:2:      layout_rooms, serial_curves, eino_curves_01, eino_curves_03,
          serial_bayou_crossing, uniq_jessica

Skill      XL: |  1 |
---------------+----+-----
Spellcasting   | 3 |  3.9
Dodging        | |  1.5
Stealth        | |  1.5
Necromancy     | |  4.6

Action                   || total
-------------------------++-------
Melee: Club              ||     6
       Hand axe          ||     1
 Cast: Pain              ||    78
       Animate Skeleton  ||     1
  Use: Scroll            ||     2
Armor: Robe              ||    11
Dodge: Dodged            ||    30

Table legend:
 A = Non-vault XP
 B = Vault XP
 C = Vault XP percentage of total XP
 D = Non-vault monster count
 E = Vault monster count
 F = Vault count percentage of total count
                 A         B        C        D         E       F
            +---------+---------+-------+---------+---------+-------
      Total |      66 |       0 |   0.0 |      35 |       0 |   0.0
            +---------+---------+-------+---------+---------+-------
        D:1 |      47 |       0 |   0.0 |      31 |       0 |   0.0
        D:2 |      19 |       0 |   0.0 |       4 |       0 |   0.0
            +---------+---------+-------+---------+---------+-------

Levels and vault maps discovered:
D:1:      eino_arrival_cavern_b, layout_basic
D:2:      layout_rooms, serial_curves, eino_curves_01, eino_curves_03,
          serial_bayou_crossing, uniq_jessica

Table legend:
 A = Turns spent in this place as a percentage of turns spent in the entire game.
 B = Non-inter-level travel turns spent in this place as a percentage of non-inter-level travel turns spent in the entire game.
 C = Inter-level travel turns spent in this place as a percentage of turns spent in this place.
 D = Turns resting spent in this place as a percentage of non-inter-level travel turns spent in this place.
 E = Turns spent auto-exploring this place as a percentage of non-inter-level travel turns spent in this place.
 F = Non-inter-level travel turns spent in this place divided by the number of levels of this place that you've seen.
                   A       B       C       D       E      F
               +-------+-------+-------+-------+-------+----------------------
         Total | 100.0 | 100.0 |   2.9 |  26.4 |  48.8 | 673.5
       Dungeon | 100.0 | 100.0 |   2.9 |  26.4 |  48.8 | 673.5
               +-------+-------+-------+-------+-------+----------------------

Table legend:
 A = Kills in this place as a percentage of kills in entire the game.
 B = Kills by you in this place as a percentage of kills by you in the entire game.
 C = Kills by friends in this place as a percentage of kills by friends in the entire game.
 D = Other kills in this place as a percentage of other kills in the entire game.
 E = Experience gained in this place as a percentage of experience gained in the entire game.
 F = Experience gained in this place divided by the number of levels of this place that you have seen.
                   A       B       C       D       E      F
               +-------+-------+-------+-------+-------+----------------------
         Total | 100.0 | 100.0 | 100.0 |   N/A | 100.0 |  33.0
       Dungeon | 100.0 | 100.0 | 100.0 |   N/A | 100.0 |  33.0
               +-------+-------+-------+-------+-------+----------------------
